 Dungeon Crawl Stone Soup version 0.23-a0-577-g2b1de94 (webtiles) character file.

310 MalarOregon the Poker (level 6, 0/49 HPs)
             Began as a Merfolk Abyssal Knight on Dec 14, 2018.
             Was a Priest of Lugonu.
             Killed by divine providence
             ... invoked by an orc priest
              (15 damage)
             ... on level 3 of the Dungeon.
             The game lasted 00:05:49 (3361 turns).

MalarOregon the Poker (Merfolk Abyssal Knight)      Turns: 3361, Time: 00:05:50

Health: 0/49       AC:  6    Str: 13    XL:     6   Next: 41%
Magic:  8/8        EV: 13    Int: 13    God:    Lugonu [***...]
Gold:   194        SH:  0    Dex: 13    Spells: 5/5 levels left

rFire    . . .     SeeInvis .   a - +1 spear
rCold    . . .     Gourm    .   (no shield)
rNeg     . . .     Faith    .   b - +0 leather armour
rPois    .         Spirit   .   (no helmet)
rElec    .         Reflect  .   q - +0 cloak
rCorr    .         Harm     .   o - +1 pair of gloves
MR       +....                  (no boots)
Stlth    +.........             (no amulet)
HPRegen  0.16/turn              l - ring of protection from magic
MPRegen  0.11/turn              (no ring)

@: lethally poisoned (0 -> -4)
A: change form in water, swift swim, stealthy swim
a: Depart the Abyss, Bend Space, Banish, Renounce Religion


You were on level 3 of the Dungeon.
You worshipped Lugonu.
Lugonu was most pleased with you.
You were not hungry.

You visited 1 branch of the dungeon, and saw 3 of its levels.
You visited the Abyss 1 time.

You collected 194 gold pieces.

Inventory:

Hand Weapons
 a - a +1 spear (weapon)
Armour
 b - a +0 leather armour (worn)
 o - a +1 pair of gloves (worn)
   (You found it on level 2 of the Dungeon)
 q - a +0 cloak (worn)
   (You found it on level 2 of the Dungeon)
Jewellery
 l - a ring of protection from magic (left hand)
   (You found it on level 2 of the Dungeon)
Scrolls
 d - a scroll of fog {unknown}
 f - 9 scrolls of identify {@r1}
 i - 3 scrolls of remove curse {@r2}
 j - a scroll of amnesia {unknown}
 n - 2 scrolls of magic mapping
 s - 3 scrolls of teleportation {unknown}
Potions
 c - a potion of berserk rage {unknown}
 k - a potion of flight {unknown}
 m - a potion of degeneration {unknown}
 r - a potion of ambrosia {unknown}
 t - a potion of brilliance
Comestibles
 e - 2 rations {!d}


   Skills:
 + Level 4.3 Fighting
 * Level 6.0 Polearms
 + Level 1.7 Armour
 + Level 4.2 Dodging
 + Level 3.4 Invocations


You had 5 spell levels left.
You didn't know any spells.
Your spell library contained the following spells:

 Spells                   Type           Power        Failure   Level  Hunger
 Magic Dart               Conj           #...         36%         1    ##.....
 Blink                    Tloc           N/A          52%         2    ###....
 Call Imp                 Summ           #.......     52%         2    ###....
 Slow                     Hex            #.......     52%         2    ###....
 Conjure Flame            Conj/Fire      #.......     75%         3    ####...
 Mephitic Cloud           Conj/Pois/Air  #.......     75%         3    ####...


Dungeon Overview and Level Annotations

Branches:
Dungeon (3/15)

Altars:
Ashenzari
Hepliaklqana
Okawaru

Annotations:
D:3 1 runed door


Message History

The orc priest mumbles some strange prayers to Beogh against you.
Beogh smites you!
You hit the orc. The orc barely misses you.
You hit the orc but do no damage. You closely miss the orc.
The orc barely misses you. x2
You hit the orc.
You kill the orc!
Lugonu accepts your kill.
The orc priest hits you with a +0 war axe.
The orc hits you but does no damage.
You see here a tomahawk.
You see here a tomahawk.
The adder bites you but does no damage.
You barely miss the adder. The adder barely misses you.
You hit the adder. The adder barely misses you.
You hit the adder.
The orc priest mumbles some strange prayers to Beogh against you.
Beogh smites you!
* * * LOW HITPOINT WARNING * * *
The adder bites you.
* * * LOW HITPOINT WARNING * * *
You are poisoned.
The adder poisons you!
As you read the scroll labeled NEET FADEBLO, it crumbles to dust.
You feel blessed for a moment.
It was a scroll of remove curse.
You feel sick. The adder closely misses you.
As you read the scroll labeled PEATAD ICKEGI, it crumbles to dust.
You feel aware of your surroundings.
It was a scroll of magic mapping.
The adder bites you but does no damage.
As you read the scroll labeled ZUPHAU OWAWK, it crumbles to dust.
It is a scroll of identify.
t - a potion of brilliance The adder barely misses you.
The orc priest calls down the wrath of Beogh upon you.
Beogh smites you!
* * * LOW HITPOINT WARNING * * *
Okay, then.
It was a potion of curing.
You feel better. The adder bites you.
* * * LOW HITPOINT WARNING * * *
The adder bites you but does no damage.
You feel better. The adder completely misses you.
The orc priest looks satisfied for a moment.
It was a potion of magic.
Magic courses through your body. The adder bites you.
* * * LOW HITPOINT WARNING * * *
You are poisoned.
The adder poisons you!
The orc priest begins to cast a cantrip, but forgets the words!
The orc priest invokes the aid of Beogh against you.
Beogh smites you!
You die...

............#*,,,**,,,,,...####..
.............*#.**,,,,**##,,,,#..
#####........,#+*,,**** ***#....
###......,..,,,,,*******####.
*#.....#.,****>,,,,,,,,,...
#.......** *********,....
#......#* **,.#### #.....o####
*****,,** # #....oooS@# **,,,,,**
* *#....o#####***,,***** *
#....o.* *,,,,,** *
#......****,***** * #......,,,,,*
* #......****** * #......* *
#......* * ********


You could see 2 orc priests, an adder and 3 orcs.

Vanquished Creatures
  An orc wizard (D:3)
  2 orc priests (D:3)
  A jelly (D:2)
  A worker ant zombie (D:3)
  A gnoll (D:2)
  2 adders (D:2)
  9 oozes (D:2)
  3 dart slugs
  2 leopard geckos (D:2)
  12 orcs
  2 giant cockroaches (D:2)
  6 goblins
  6 hobgoblins
  2 jackals (D:1)
  6 quokkas
  2 ball pythons
  13 bats
  8 frilled lizards
  17 kobolds
  8 rats
104 creatures vanquished.

Vanquished Creatures (others)
  A fungus (D:2)
  10 toadstools (D:2)
11 creatures vanquished.

Grand Total: 115 creatures vanquished

Notes
Turn   | Place    | Note
-------+----------+-------------------------------------------
     0 | Abyss:1  | MalarOregon the Merfolk Abyssal Knight began the quest for
                  | the Orb.
     0 | Abyss:1  | Reached XP level 1. HP: 18/18 MP: 2/2
    19 | Abyss:2  | Found a corrupted altar of Lugonu.
    19 | Abyss:2  | Found a corrupted altar of Lugonu.
    56 | Abyss:2  | Noticed a raiju
    70 | Abyss:2  | Noticed a starcursed mass
    80 | D:1      | Escaped the Abyss
   253 | D:1      | Reached * piety under Lugonu
   312 | D:1      | Reached XP level 2. HP: 24/24 MP: 3/3
   644 | D:1      | Reached skill level 1 in Armour
   754 | D:1      | Reached XP level 3. HP: 29/29 MP: 4/4
   886 | D:2      | Found an iron altar of Okawaru.
   995 | D:2      | Reached ** piety under Lugonu
   995 | D:2      | Reached skill level 4 in Polearms
  1150 | D:2      | Reached XP level 4. HP: 22/37 MP: 5/5
  1612 | D:2      | Reached XP level 5. HP: 41/42 MP: 7/7
  1823 | D:2      | Found a shattered altar of Ashenzari.
  1828 | D:2      | Found a hazy altar of Hepliaklqana.
  1974 | D:2      | Reached skill level 5 in Polearms
  2009 | D:2      | Reached *** piety under Lugonu
  2152 | D:3      | HP: 2/42 [adder (3)]
  2155 | D:2      | Reached XP level 6. HP: 3/48 MP: 8/8
  3075 | D:3      | Reached skill level 6 in Polearms
  3344 | D:3      | Found a runed door.
  3361 | D:3      | Killed from afar by an orc priest

Vault maps used:
D:1:      wander_arrival_estate, kennysheep_boxes
D:2:      cheibrodos_fertilizer, okawaru_gym_becter, minitemple
D:3:      hellmonk_ghost_happy_afterlife, hex_tiny
Abyss:1:  abyss_exit_lava
Abyss:2:  minivault_4

Skill      XL: |  1  2  3  4  5  6 |
---------------+-------------------+-----
Dodging        | 3 4 |  4.2
Armour         | 1 |  1.7
Polearms       | 4 5 6 |  6.0
Fighting       | 4 |  4.3
Invocations    | 3 |  3.4

Action                   |  1- 3 |  4- 6 || total
-------------------------+-------+-------++-------
Melee: Spear             |   140 |   272 ||   412
Invok: Depart the Abyss  |     1 |       ||     1
  Use: Scroll            |       |     3 ||     3
       Potion            |       |     3 ||     3
 Stab: Sleeping          |     4 |       ||     4
       Distracted        |       |     2 ||     2
  Eat: Chunk             |     1 |     7 ||     8
Armor: Leather armour    |    24 |    70 ||    94
Dodge: Dodged            |    66 |   144 ||   210

Table legend:
 A = Non-vault XP
 B = Vault XP
 C = Vault XP percentage of total XP
 D = Non-vault monster count
 E = Vault monster count
 F = Vault count percentage of total count
                 A         B        C        D         E       F
            +---------+---------+-------+---------+---------+-------
      Total |     330 |     113 |  25.5 |      87 |      17 |  16.3
            +---------+---------+-------+---------+---------+-------
        D:1 |      36 |       0 |   0.0 |      24 |       0 |   0.0
        D:2 |     108 |     113 |  51.1 |      40 |      17 |  29.8
        D:3 |     186 |       0 |   0.0 |      23 |       0 |   0.0
            +---------+---------+-------+---------+---------+-------
